 Dungeon Crawl Stone Soup version 0.24.1 (webtiles) character file.

Game seed: 12835990681684590690, levelgen mode: deterministic

184 Descartes the Ducker (level 5, 0/25 HPs)
             Began as a Felid Monk on Mar 26, 2020.
             Slain by a scorpion (4 damage)
             ... on level 4 of the Dungeon.
             The game lasted 00:06:49 (4569 turns).

Descartes the Ducker (Felid Monk)                   Turns: 4569, Time: 00:06:50

Health: 0/25       AC:  1    Str:  8    XL:     5   Next: 36%
Magic:  7/7        EV: 21    Int: 11    God:
Gold:   169        SH:  0    Dex: 19    Spells: 5/6 levels left
                                        Lives:  0   Deaths: 1

rFire    . . .     SeeInvis +     - Unarmed
rCold    . . .     Gourm    .   (shield unavailable)
rNeg     . . .     Faith    .   (armour unavailable)
rPois    .         Spirit   .   (helmet unavailable)
rElec    .         Reflect  .   (cloak unavailable)
rCorr    .         Harm     .   (gloves unavailable)
MR       .....                  (boots unavailable)
Stlth    ++++......             (no amulet)
HPRegen  0.08/turn              (no ring)
MPRegen  0.10/turn              (no ring)

@: lethally poisoned (0 -> -17), quick
A: very small, no armour, no weapons or thrown items, stealth, claws 1, fangs 3,
see invisible, carnivore, speed 1, shaggy fur 1, slow metabolism 1, sharp paws
a: no special abilities


You were on level 4 of the Dungeon.
You were completely stuffed.

You visited 1 branch of the dungeon, and saw 4 of its levels.

You collected 169 gold pieces.

Inventory:

Missiles
 c - 94 stones
 f - 63 arrows
Jewellery
 b - an uncursed ring of fire {unknown}
 o - an uncursed ring of protection from magic {unknown}
Wands
 j - a wand of digging (5)
Scrolls
 g - 2 scrolls of noise
 i - a scroll of enchant armour {unknown}
 k - a scroll of blinking {unknown}
 m - a scroll of teleportation {unknown}
Potions
 d - 3 potions of berserk rage
 e - a potion of curing
 l - a potion of lignification {unknown}
 n - a potion of degeneration {unknown}
Comestibles
 a - 5 rations
 h - 6 chunks of flesh


   Skills:
 + Level 3.7 Fighting
 + Level 5.1 Dodging
 * Level 4.9 Stealth
 * Level 4.4 Unarmed Combat
 + Level 1.1 Spellcasting
 + Level 2.1 Hexes


You had 5 spell levels left.
You knew the following spells:

 Your Spells              Type           Power        Failure   Level  Hunger
a - Confusing Touch       Hex            #.....       14%         1    ##.....

Your spell library contained the following spells:

 Spells                   Type           Power        Failure   Level  Hunger
 Animate Skeleton         Necr           N/A          32%         1    ##.....
 Apportation              Tloc           #.....       32%         1    ##.....
 Summon Small Mammal      Summ           #...         32%         1    ##.....


Dungeon Overview and Level Annotations

Branches:
Dungeon (4/15)
 Temple: D:4-7

Altars:
Cheibriados
Zin


Innate Abilities, Weirdness & Mutations

You cannot wear armour.
You are incapable of wielding weapons or throwing items.
Your paws allow you to move quietly. (Stealth)
You have sharp claws.
You have razor-sharp teeth.
You have supernaturally acute eyesight. (SInv)
You are carnivorous and can eat meat at any time.
You cover ground quickly.
You are covered in fur. (AC +1)
You have a slow metabolism.
Your sharp claws are effective at attacking unaware monsters.


Message History

The scorpion closely misses you.
You scratch the scorpion but do no damage.
You bite the scorpion, but do no damage.
The scorpion is heavily wounded.
You feel sick. The scorpion misses you.
You scratch the scorpion but do no damage.
The scorpion is heavily wounded.
The scorpion stings you!
* * * LOW HITPOINT WARNING * * *
You are lethally poisoned!
The scorpion poisons you!
You scratch the scorpion but do no damage.
The scorpion is heavily wounded.
* * * LOW HITPOINT WARNING * * *
You feel sick.
You scratch the scorpion but do no damage.
The scorpion is heavily wounded.
* * * LOW HITPOINT WARNING * * *
You feel sick. The scorpion stings you.
You die...

#######..###......#
###...###..#.......##
#......'...#.......#
+......#...+.......#
#.....######.......##
#.....# #......รท>.
####'### #.........
####......# #.........
....$..@..+ +.........
.......s..# #.........
................#+###...
................ #...
................ #...
####...........
####+##..... #####


You could see a scorpion.

Vanquished Creatures
  A hound (D:2)
  3 orc wizards
  Terence (D:2)
  3 adders
  7 dart slugs
  2 leopard geckos
  7 orcs (D:3)
  A ball python (D:3)
  8 bats
  5 giant cockroaches
  7 goblins
  8 hobgoblins
  5 jackals
  7 kobolds
  2 frilled lizards
  2 rats
69 creatures vanquished.

Notes
Turn   | Place    | Note
-------+----------+-------------------------------------------
     0 | D:1      | Descartes the Felid Monk began the quest for the Orb.
     0 | D:1      | Reached XP level 1. HP: 10/10 MP: 2/2
   351 | D:1      | Reached XP level 2. HP: 14/14 MP: 3/3
   735 | D:1      | Reached XP level 3. HP: 9/17 MP: 4/4
  1651 | D:2      | Found a snail-covered altar of Cheibriados.
  1761 | D:2      | Learned a level 1 spell: Confusing Touch
  1848 | D:2      | You fall into a shaft and drop 1 floor!
  2057 | D:2      | Noticed Terence
  2076 | D:2      | Killed Terence
  2076 | D:2      | Reached XP level 4. HP: 8/21 MP: 5/5
  2714 | D:2      | Reached skill level 1 in Hexes
  3127 | D:3      | Reached XP level 5. HP: 24/24 MP: 5/7
  3264 | D:3      | Found a glowing silver altar of Zin.
  3822 | D:3      | HP: 1/24 [orc wizard/puff of frost (3)]
  3824 | D:3      | Killed from afar by an orc wizard
  3825 | D:3      | Reached XP level 4. HP: -9/21 MP: 6/6
  3845 | D:3      | Reached skill level 1 in Spellcasting
  4007 | D:3      | Reached skill level 5 in Dodging
  4007 | D:3      | Reached XP level 5. HP: 11/25 MP: 7/7
  4569 | D:4      | Slain by a scorpion

Levels and vault maps discovered:
D:1:      scummos_arrival_hexagon, layout_loops_ring, minmay_tromino_v4_c
D:2:      layout_loops_ring, kennysheep_slug_shrine, first_ration, uniq_terence
D:3:      layout_loops_ring, lemuel_doored_altar
D:4:      layout_gridville, chequers_temple_overflow_statue_of_worship,
          minmay_temple_entry_trees

Skill      XL: |  1  2  3  4  5 |
---------------+----------------+-----
Stealth        | 3 4 |  4.9
Unarmed Combat | 4 |  4.4
Hexes          | 1 2 |  2.1
Spellcasting   | 1 |  1.1
Dodging        | 5 |  5.1
Fighting       | |  3.7

Action                   |  1- 3 |  4- 6 || total
-------------------------+-------+-------++-------
Melee: Unarmed           |   118 |   135 ||   253
       Bite              |    14 |    18 ||    32
       Punch             |       |     8 ||     8
 Cast: Confusing Touch   |       |     2 ||     2
  Use: Scroll            |       |     3 ||     3
 Stab: Sleeping          |     9 |     6 ||    15
       Distracted        |       |     2 ||     2
       Confused          |       |     1 ||     1
  Eat: Chunk             |    10 |    10 ||    20
Armor: Skin              |     9 |     3 ||    12
Dodge: Dodged            |   102 |    88 ||   190
